TOP OF THE 1ST |
Red Deer Wranglers batting - Pitching for La Crosse Loggers : RHP Don Briggs
|
Pitching: RHP Don Briggs
|
|
Batting: RHB Tom Rowe
|
0-0: Foul Ball, location: 2F 0-1: Ball 1-1: Foul Ball, location: 2F 1-2: TRIPLE (Line Drive, 9LM)
|
Batting: RHB Paul Swift
|
0-0: Ball 1-0: DOUBLE (Line Drive, 8LM) Tom Rowe scores
|
Batting: LHB Greg Nelson
|
0-0: Ball 1-0: Ground out 4-3 (Groundball, 4) Paul Swift to third
|
Batting: LHB Enrico Vargas
|
0-0: Called Strike 0-1: Ball 1-1: Swinging Strike 1-2: SINGLE (Groundball, 3D) Paul Swift scores
|
Batting: RHB Carlos Peña
|
0-0: Ball 1-0: Called Strike 1-1: Ball 2-1: Ball 3-1: SINGLE (Groundball, 5S) Enrico Vargas to second
|
Batting: LHB Fred Abrams
|
0-0: Ball 1-0: Ball 2-0: Called Strike 2-1: Ball 3-1: Base on Balls Enrico Vargas to third Carlos Peña to second
|
Batting: LHB Del Kennedy
|
0-0: Called Strike 0-1: Ball 1-1: Ball 2-1: Called Strike 2-2: Ball 3-2: Foul Ball, location: 2F 3-2: Foul Ball, location: 2F 3-2: Strikes out looking
|
Batting: LHB Andrew Veeck
|
0-0: Ball 1-0: Ball 2-0: Ball 3-0: Called Strike 3-1: Base on Balls Enrico Vargas scores Carlos Peña to third Fred Abrams to second
|
Batting: RHB Juan Carlos Alfonzo
|
0-0: Called Strike 0-1: Swinging Strike 0-2: Ball 1-2: Ball 2-2: Strikes out swinging
|
Top of the 1st over - 3 run(s), 4 hit(s), 0 error(s), 3 left on base; Red Deer 3 - La Crosse 0 |
BOTTOM OF THE 1ST |
La Crosse Loggers batting - Pitching for Red Deer Wranglers : RHP José Pérez
|
Pitching: RHP José Pérez
|
|
Batting: RHB Robert Acosta
|
0-0: Ball 1-0: Called Strike 1-1: Ball 2-1: Called Strike 2-2: Ground out 5-3 (Groundball, 56)
|
Batting: RHB Paul Richard
|
0-0: Ball 1-0: Ball 2-0: Called Strike 2-1: Called Strike 2-2: Ball 3-2: Strikes out swinging
|
Batting: LHB George Smith
|
0-0: Ball 1-0: Foul Ball, location: 2F 1-1: Ball 2-1: Ground out 1-3 (Groundball, 15)
|
Bottom of the 1st over - 0 run(s), 0 hit(s), 0 error(s), 0 left on base; Red Deer 3 - La Crosse 0 |
TOP OF THE 2ND |
Red Deer Wranglers batting - Pitching for La Crosse Loggers : RHP Don Briggs
|
Batting: RHB Tom Rowe
|
0-0: Called Strike 0-1: Ball 1-1: Ball 2-1: Ball 3-1: Fly out, F9 (Flyball, 9S)
|
Batting: RHB Paul Swift
|
0-0: Foul Ball, location: 2F 0-1: Called Strike 0-2: Strikes out swinging
|
Batting: LHB Greg Nelson
|
0-0: Ball 1-0: Swinging Strike 1-1: Foul Ball, location: 2F 1-2: Hit by Pitch
|
Batting: LHB Enrico Vargas
|
0-0: Ball 1-0: Ball 2-0: Ball 3-0: Base on Balls Greg Nelson to second
|
Batting: RHB Carlos Peña
|
0-0: Called Strike 0-1: Ball 1-1: Ball 2-1: Swinging Strike 2-2: SINGLE (Line Drive, 7S) Greg Nelson to third Enrico Vargas to second Runner from 3rd tries for Home, SAFE, throw made home Enrico Vargas to third Carlos Peña to second
|
Batting: LHB Fred Abrams
|
0-0: Called Strike 0-1: Ball 1-1: Fly out, F9 (Line Drive, 9D)
|
Top of the 2nd over - 1 run(s), 1 hit(s), 0 error(s), 2 left on base; Red Deer 4 - La Crosse 0 |
BOTTOM OF THE 2ND |
La Crosse Loggers batting - Pitching for Red Deer Wranglers : RHP José Pérez
|
Batting: RHB Danny Campbell
|
0-0: Called Strike 0-1: Ball 1-1: Foul Ball, location: 2F 1-2: Foul Ball, location: 2F 1-2: Foul Ball, location: 2F 1-2: Strikes out looking
|
Batting: RHB Francisco Rodríguez
|
0-0: Ball 1-0: Foul Ball, location: 2F 1-1: Ball 2-1: Ball 3-1: Base on Balls
|
Batting: RHB Dick Slagboom
|
0-0: Ball 1-0: Ball 2-0: Called Strike 2-1: Ball 3-1: Called Strike 3-2: Ground out 6-3 (Groundball, 6) Francisco Rodríguez to second
|
Batting: RHB Kirk Powell
|
0-0: Ball 1-0: Called Strike 1-1: Swinging Strike 1-2: Ball 2-2: Strikes out looking
|
Bottom of the 2nd over - 0 run(s), 0 hit(s), 0 error(s), 1 left on base; Red Deer 4 - La Crosse 0 |
TOP OF THE 3RD |
Red Deer Wranglers batting - Pitching for La Crosse Loggers : RHP Don Briggs
|
Batting: LHB Del Kennedy
|
0-0: Ball 1-0: Ball 2-0: Ground out U3 (Groundball, 3S)
|
Batting: LHB Andrew Veeck
|
0-0: Ball 1-0: Ground out 6-3 (Groundball, 6)
|
Batting: RHB Juan Carlos Alfonzo
|
0-0: Ball 1-0: Swinging Strike 1-1: Foul Ball, location: 2F 1-2: Ball 2-2: Strikes out looking
|
Top of the 3rd over - 0 run(s), 0 hit(s), 0 error(s), 0 left on base; Red Deer 4 - La Crosse 0 |
BOTTOM OF THE 3RD |
La Crosse Loggers batting - Pitching for Red Deer Wranglers : RHP José Pérez
|
Batting: RHB Hunter Plunket
|
0-0: SINGLE (Groundball, 6MD)
|
Batting: RHB Vernon Romo
|
0-0: Called Strike 0-1: Ball 1-1: Ball 2-1: Swinging Strike 2-2: Foul Ball, location: 2F 2-2: Foul Ball, location: 2F 2-2: Strikes out swinging
|
Batting: RHB Robert Acosta
|
0-0: Swinging Strike 0-1: Grounds into double play, 2-4-3 (Groundball, 2R)
|
Bottom of the 3rd over - 0 run(s), 1 hit(s), 0 error(s), 0 left on base; Red Deer 4 - La Crosse 0 |
TOP OF THE 4TH |
Red Deer Wranglers batting - Pitching for La Crosse Loggers : RHP Don Briggs
|
Batting: RHB Tom Rowe
|
0-0: Called Strike 0-1: Ball 1-1: Ball 2-1: Swinging Strike 2-2: Foul Ball, location: 2F 2-2: Ball 3-2: Foul Ball, location: 2F 3-2: Base on Balls
|
Pitching: RHP Ray Adams
|
|
Batting: RHB Paul Swift
|
0-0: Ball Tom Rowe steals 2nd base 1-0: Foul Ball, location: 2F 1-1: Ground out 5-3 (Groundball, 56)
|
Batting: LHB Greg Nelson
|
0-0: Ball 1-0: Ball 2-0: 2-RUN HOME RUN (Flyball, 89XD), Distance : 390 ft
|
Batting: LHB Enrico Vargas
|
0-0: Called Strike 0-1: Foul Ball, location: 2F 0-2: Strikes out swinging
|
Batting: RHB Carlos Peña
|
0-0: Ball 1-0: SINGLE (Flyball, 9LS)
|
Batting: LHB Fred Abrams
|
0-0: Called Strike 0-1: Ball 1-1: DOUBLE (Groundball, 3L) Carlos Peña to third Runner from 3rd tries for Home, SAFE, no throw or cutoff
|
Batting: LHB Del Kennedy
|
0-0: Ball 1-0: Called Strike 1-1: Ball 2-1: DOUBLE (Line Drive, 78XD) Fred Abrams scores
|
Batting: LHB Andrew Veeck
|
0-0: Called Strike 0-1: Ball 1-1: Ball 2-1: Ground out 4-3 (Groundball, 4)
|
Top of the 4th over - 4 run(s), 4 hit(s), 0 error(s), 1 left on base; Red Deer 8 - La Crosse 0 |
BOTTOM OF THE 4TH |
La Crosse Loggers batting - Pitching for Red Deer Wranglers : RHP José Pérez
|
Batting: RHB Paul Richard
|
0-0: Ball 1-0: Bunt missed! 1-1: Foul Ball, location: 2F 1-2: Foul Ball, location: 2F 1-2: Foul Ball, location: 2F 1-2: Strikes out swinging
|
Batting: LHB George Smith
|
0-0: Ground out 3-1 (Groundball, 34)
|
Batting: RHB Danny Campbell
|
0-0: Called Strike 0-1: Ball 1-1: Fly out, F2 (Popup, 25F)
|
Bottom of the 4th over - 0 run(s), 0 hit(s), 0 error(s), 0 left on base; Red Deer 8 - La Crosse 0 |
TOP OF THE 5TH |
Red Deer Wranglers batting - Pitching for La Crosse Loggers : RHP Ray Adams
|
Batting: RHB Juan Carlos Alfonzo
|
0-0: Ball 1-0: Called Strike 1-1: Ball 2-1: Ball 3-1: Foul Ball, location: 2F 3-2: Base on Balls
|
Batting: RHB Tom Rowe
|
0-0: Called Strike 0-1: Ball 1-1: Ball 2-1: Ball 3-1: Foul Ball, location: 2F 3-2: Base on Balls Juan Carlos Alfonzo to second
|
Batting: RHB Paul Swift
|
0-0: Foul Ball, location: 2F 0-1: Grounds into double play, 5-4-3 (Groundball, 56) Juan Carlos Alfonzo to third
|
Batting: LHB Greg Nelson
|
0-0: Ball 1-0: SINGLE (Groundball, 4MD) Juan Carlos Alfonzo scores
|
Pitching: LHP Russell Neal
|
|
Batting: LHB Enrico Vargas
|
0-0: Ball 1-0: Called Strike 1-1: Ground out 4-3 (Groundball, 13)
|
Top of the 5th over - 1 run(s), 1 hit(s), 0 error(s), 1 left on base; Red Deer 9 - La Crosse 0 |
BOTTOM OF THE 5TH |
La Crosse Loggers batting - Pitching for Red Deer Wranglers : RHP José Pérez
|
Batting: RHB Francisco Rodríguez
|
0-0: DOUBLE (Flyball, 78M)
|
Batting: RHB Dick Slagboom
|
0-0: Foul Ball, location: 2F 0-1: Foul Ball, location: 2F 0-2: Fly out, F6 (Popup, 5F)
|
Batting: RHB Kirk Powell
|
0-0: Ground out 3-1 (Groundball, 34S) Francisco Rodríguez to third
|
Batting: RHB Hunter Plunket
|
0-0: Foul Ball, location: 2F 0-1: Ball 1-1: SINGLE (Groundball, 5D) Francisco Rodríguez scores
|
Batting: RHB Vernon Romo
|
0-0: Ball 1-0: Fielders Choice at 2nd, 6-4 (Groundball, 6)
|
Bottom of the 5th over - 1 run(s), 2 hit(s), 0 error(s), 0 left on base; Red Deer 9 - La Crosse 1 |
TOP OF THE 6TH |
Red Deer Wranglers batting - Pitching for La Crosse Loggers : LHP Russell Neal
|
Batting: RHB Carlos Peña
|
0-0: Ball 1-0: Ball 2-0: Called Strike 2-1: Ball 3-1: Foul Ball, location: 2F 3-2: SINGLE (Line Drive, 56D)
|
Batting: LHB Fred Abrams
|
0-0: Swinging Strike 0-1: Grounds into double play, 6-4-3 (Groundball, 6)
|
Batting: LHB Del Kennedy
|
0-0: Called Strike 0-1: Ball 1-1: Ball 2-1: Ball 3-1: Base on Balls
|
Batting: LHB Andrew Veeck
|
0-0: Fly out, F4 (Popup, 34)
|
Top of the 6th over - 0 run(s), 1 hit(s), 0 error(s), 1 left on base; Red Deer 9 - La Crosse 1 |
BOTTOM OF THE 6TH |
La Crosse Loggers batting - Pitching for Red Deer Wranglers : RHP José Pérez
|
Batting: RHB Robert Acosta
|
0-0: Called Strike 0-1: Ball 1-1: Ball 2-1: Ground out 1-3 (Groundball, 25)
|
Batting: RHB Paul Richard
|
0-0: Ground out 5-3 (Groundball, 56)
|
Batting: LHB George Smith
|
0-0: Called Strike 0-1: Ball 1-1: Foul Ball, location: 2F 1-2: Ball 2-2: Strikes out swinging
|
Bottom of the 6th over - 0 run(s), 0 hit(s), 0 error(s), 0 left on base; Red Deer 9 - La Crosse 1 |
TOP OF THE 7TH |
Red Deer Wranglers batting - Pitching for La Crosse Loggers : LHP Russell Neal
|
Batting: RHB Juan Carlos Alfonzo
|
0-0: Fly out, F4 (Line Drive, 4MD)
|
Batting: RHB Tom Rowe
|
0-0: Called Strike 0-1: Ball 1-1: Ball 2-1: Called Strike 2-2: Strikes out swinging
|
Batting: RHB Paul Swift
|
0-0: Called Strike 0-1: SOLO HOME RUN (Flyball, 7LD), Distance : 349 ft
|
Batting: LHB Greg Nelson
|
0-0: Ball 1-0: SINGLE (Groundball, 6MD)
|
Batting: LHB Enrico Vargas
|
0-0: SINGLE (Groundball, 4MD) Greg Nelson to second
|
Batting: RHB Carlos Peña
|
0-0: Foul Ball, location: 2F 0-1: Foul Ball, location: 2F 0-2: Ball 1-2: Ball 2-2: Ball 3-2: Base on Balls Greg Nelson to third Enrico Vargas to second
|
Batting: LHB Fred Abrams
|
0-0: SINGLE (Groundball, 4MD) (infield hit) Greg Nelson scores Enrico Vargas to third Carlos Peña to second
|
Batting: LHB Del Kennedy
|
0-0: Ball 1-0: Ball 2-0: Called Strike 2-1: Ball 3-1: Base on Balls Enrico Vargas scores Carlos Peña to third Fred Abrams to second
|
Pitching: RHP Christian Adkins
|
|
Batting: LHB Andrew Veeck
|
0-0: Ball 1-0: Foul Ball, location: 2F 1-1: Fly out, F4 (Popup, 4M)
|
Top of the 7th over - 3 run(s), 4 hit(s), 0 error(s), 3 left on base; Red Deer 12 - La Crosse 1 |
BOTTOM OF THE 7TH |
La Crosse Loggers batting - Pitching for Red Deer Wranglers : RHP José Pérez
|
Batting: RHB Danny Campbell
|
0-0: Foul Ball, location: 2F 0-1: Ground out 5-3 (Groundball, 5)
|
Batting: RHB Francisco Rodríguez
|
0-0: Called Strike 0-1: Foul Ball, location: 2F 0-2: Ball 1-2: Foul Ball, location: 2F 1-2: Ball 2-2: Ground out 4-3 (Groundball, 4)
|
Batting: RHB Dick Slagboom
|
0-0: Foul Ball, location: 2F 0-1: Foul Ball, location: 2F 0-2: Ball 1-2: Foul Ball, location: 2F 1-2: Foul Ball, location: 2F 1-2: SOLO HOME RUN (Flyball, 7D), Distance : 377 ft
|
Batting: RHB Kirk Powell
|
0-0: Ball 1-0: Ball 2-0: Ball 3-0: Called Strike 3-1: Called Strike 3-2: Foul Ball, location: 2F 3-2: Fly out, F9 (Flyball, 9S)
|
Bottom of the 7th over - 1 run(s), 1 hit(s), 0 error(s), 0 left on base; Red Deer 12 - La Crosse 2 |
TOP OF THE 8TH |
Red Deer Wranglers batting - Pitching for La Crosse Loggers : RHP Christian Adkins
|
Batting: RHB Juan Carlos Alfonzo
|
0-0: Ground out 1-3 (Groundball, 13)
|
Batting: RHB Tom Rowe
|
0-0: Swinging Strike 0-1: Called Strike 0-2: Ball 1-2: Strikes out looking
|
Batting: RHB Paul Swift
|
0-0: Ball 1-0: Called Strike 1-1: Called Strike 1-2: Strikes out swinging, 2-3 out at first.
|
Top of the 8th over - 0 run(s), 0 hit(s), 0 error(s), 0 left on base; Red Deer 12 - La Crosse 2 |
BOTTOM OF THE 8TH |
La Crosse Loggers batting - Pitching for Red Deer Wranglers : RHP José Pérez
|
Pitching: LHP Denny Welch
|
|
Batting: RHB Hunter Plunket
|
0-0: Called Strike 0-1: Ball 1-1: Foul Ball, location: 2F 1-2: Ball 2-2: Ball 3-2: Base on Balls
|
Batting: RHB Vernon Romo
|
0-0: Ball 1-0: Grounds into double play, 6-4-3 (Groundball, 6)
|
Batting: RHB Robert Acosta
|
0-0: Ball 1-0: Foul Ball, location: 2F 1-1: Ground out 5-3 (Groundball, 56)
|
Bottom of the 8th over - 0 run(s), 0 hit(s), 0 error(s), 0 left on base; Red Deer 12 - La Crosse 2 |
TOP OF THE 9TH |
Red Deer Wranglers batting - Pitching for La Crosse Loggers : RHP Christian Adkins
|
Batting: LHB Greg Nelson
|
0-0: Ball 1-0: Ball 2-0: Foul Ball, location: 2F 2-1: Foul Ball, location: 2F 2-2: Foul Ball, location: 2F 2-2: Ball 3-2: Base on Balls
|
Batting: LHB Enrico Vargas
|
0-0: SINGLE (Groundball, 4MD) Greg Nelson to second
|
Batting: RHB Carlos Peña
|
0-0: Called Strike 0-1: Ball 1-1: Ball 2-1: Foul Ball, location: 2F 2-2: Strikes out swinging
|
Batting: LHB Fred Abrams
|
0-0: Ball 1-0: Fielders Choice at 2nd, 4-6 (Groundball, 4) Greg Nelson to third
|
Batting: LHB Del Kennedy
|
|
Pinch Hitting: RHB Todd Bryant
|
0-0: Ball 1-0: Called Strike 1-1: Ball 2-1: Ground out 4-3 (Groundball, 4)
|
Top of the 9th over - 0 run(s), 1 hit(s), 0 error(s), 2 left on base; Red Deer 12 - La Crosse 2 |
BOTTOM OF THE 9TH |
La Crosse Loggers batting - Pitching for Red Deer Wranglers : LHP Denny Welch
|
Now in CF: Todd Bryant
|
|
Batting: RHB Paul Richard
|
0-0: Ball 1-0: Swinging Strike 1-1: Ball 2-1: Foul Ball, location: 2F 2-2: Foul Ball, location: 2F 2-2: Strikes out looking
|
Pinch Hitting: LHB Brock Miller
|
0-0: Ball 1-0: Ground out 4-3 (Groundball, 4)
|
Batting: RHB Danny Campbell
|
0-0: Fly out, F4 (Popup, 34)
|
Bottom of the 9th over - 0 run(s), 0 hit(s), 0 error(s), 0 left on base; Red Deer 12 - La Crosse 2 |
|